 Dungeon Crawl Stone Soup version 0.17.0-28-g6e173f8 (webtiles) character file.

833 dvner the Spear-Bearer (level 7, 0/50 HPs)
             Began as a Merfolk Gladiator on Nov 26, 2015.
             Succumbed to dvner's ghost's poison
             ... on level 3 of the Dungeon.
             The game lasted 00:23:33 (5962 turns).

dvner the Spear-Bearer (Merfolk Gladiator)          Turns: 5962, Time: 00:23:33

Health: 0/50       AC:  4    Str: 17    XL:     7   Next: 98%
Magic:  7/7        EV: 13    Int:  7    God:
Gold:   304        SH:  0    Dex: 15    Spells: 0 memorised, 6 levels left

rFire  . . .     SeeInvis .     a - +0 trident
rCold  . . .     Clarity  .     v - +0 leather armour
rNeg   . . .     SustAt   .     (no shield)
rPois  .         Gourm    .     c - +0 helmet
rElec  .         Spirit   .     (no cloak)
rCorr  .         Warding  .     (no gloves)
rMut   .         Stasis   .     (no boots)
MR     .....                    (no amulet)
Stlth  +.........               (no ring)
                                (no ring)

@: lethally poisoned (0 -> -24), not resistant to hostile enchantments, very
unstealthy
A: change form in water, swift swim
a: no special abilities


You were on level 3 of the Dungeon.
You were not hungry.

You visited 1 branch of the dungeon, and saw 5 of its levels.

You collected 304 gold pieces.

Inventory:

Hand Weapons
 a - a +0 trident (weapon)
 b - a +4 blowgun
 x - a +4 scythe of slicing
Missiles
 d - 5 throwing nets (quivered)
 f - 113 stones
 w - a curare-tipped needle
Armour
 c - a +0 helmet (worn)
 p - a +0 large shield
 v - a +0 leather armour (worn)
Wands
 n - a wand of magic darts (15)
Scrolls
 j - 4 scrolls of magic mapping
 l - 4 scrolls of identify
 q - 2 scrolls of remove curse
 y - a scroll of recharging
Comestibles
 e - 3 bread rations
 g - 2 chunks of flesh
 i - 2 meat rations
 o - 3 beef jerkies


   Skills:
 - Level 2.1 Fighting
 * Level 12.6 Polearms
 - Level 2.0 Throwing
 - Level 4.0 Dodging


You had 6 spell levels left.
You didn't know any spells.

Dungeon Overview and Level Annotations

Branches:
Dungeon (5/15)
 Temple: D:4-7

Altars:
Ashenzari
Fedhas
Kikubaaqudgha
Vehumet
Zin
The Shining One

Annotations:
D:3 dvner's ghost, amateur MfGl
D:4 Menkaure
D:5 Eustachio


Message History

Dvner's ghost hits you but does no damage.
You are lethally poisoned!
You feel sick.
* * * LOW HITPOINT WARNING * * *
You feel sick.
Throwing (i - inventory. (,) - cycle):
d - 6 throwing nets (quivered)
Press: ? - help, Shift-Dir - straight line, f/p - dvner's ghost
Aim: dvner's ghost, wielding a weapon of venom (moderately damaged)
You throw a throwing net. The throwing net misses dvner's ghost.
* * * LOW HITPOINT WARNING * * *
You feel sick. Dvner's ghost hits you.
* * * LOW HITPOINT WARNING * * *
You are more poisoned.
* * * LOW HITPOINT WARNING * * *
You feel very sick.
* * * LOW HITPOINT WARNING * * *
You feel sick.
* * * LOW HITPOINT WARNING * * *
You feel very sick.
You die...

#.(.......##.
#.........##.
##############
#.........##.
#####............#
##.......###.
......##########.#
#..W...## #.
####### #.#
#)#...## #. #.#
#(##########
#.#####>####......
#@.W........(...##
#######)####.##.#
#.).[.# #.##.#
##########.#####
#[##.#
#.......<).#
#.##.#
#.##########
#.##.# #########.#
#.##.# ..........#
#.##.#
########..#####
#†##.##


You could see dvner's ghost.

Vanquished Creatures
  Sigmund (D:3)
  An ogre (D:5)
  A centaur (D:5)
  A crimson imp (D:5)
  An orc priest (D:3)
  2 hounds
  An orc wizard (D:3)
  A worker ant (D:4)
  2 hound zombies (D:5)
  9 adders
  10 gnolls
  2 shadow imps (D:5)
  2 oozes (D:1)
  6 worms
  6 giant geckos
  8 orcs
  A ball python (D:1)
  7 goblins
  9 hobgoblins
  3 jackals (D:5)
  4 quokkas
  5 bats
  2 giant cockroaches
  5 giant newts
  10 kobolds
  A quokka skeleton (D:2)
  7 rats
108 creatures vanquished.

Notes
Turn   | Place    | Note
--------------------------------------------------------------
     0 | D:1      | dvner the Merfolk Gladiator began the quest for the Orb.
     0 | D:1      | Reached XP level 1. HP: 16/16 MP: 1/1
    64 | D:1      | Reached skill level 5 in Polearms
   131 | D:1      | Reached XP level 2. HP: 22/22 MP: 2/2
   829 | D:1      | Reached skill level 6 in Polearms
   829 | D:1      | Reached XP level 3. HP: 27/27 MP: 3/3
  1569 | D:2      | Reached XP level 4. HP: 33/33 MP: 4/4
  1649 | D:2      | Reached skill level 7 in Polearms
  2275 | D:2      | Reached skill level 8 in Polearms
  2275 | D:2      | Reached XP level 5. HP: 36/38 MP: 5/5
  2887 | D:3      | Reached skill level 9 in Polearms
  3298 | D:3      | Reached XP level 6. HP: 44/44 MP: 6/6
  3366 | D:3      | Noticed Sigmund
  3422 | D:3      | Killed Sigmund
  3422 | D:3      | Reached skill level 10 in Polearms
  3720 | D:3      | Found a blossoming altar of Fedhas.
  3721 | D:3      | Found a radiant altar of Vehumet.
  3722 | D:3      | Found a glowing golden altar of the Shining One.
  4133 | D:4      | Got a jewelled hand axe
  4134 | D:4      | Identified the cursed +2 hand axe of Ehurima {speed, rF++ rC+} (You found it on level 4 of the Dungeon)
  4144 | D:4      | Reached XP level 7. HP: 50/50 MP: 7/7
  4200 | D:4      | Found a glowing silver altar of Zin.
  4208 | D:4      | Noticed Menkaure
  4221 | D:5      | Entered Level 5 of the Dungeon
  4627 | D:5      | Reached skill level 11 in Polearms
  5271 | D:5      | Found a shattered altar of Ashenzari.
  5285 | D:5      | Reached skill level 12 in Polearms
  5303 | D:5      | Noticed Eustachio
  5323 | D:5      | Gained mutation: You have supernaturally acute eyesight. [potion of mutation]
  5323 | D:5      | Gained mutation: You are robust (+10% HP). [potion of mutation]
  5323 | D:5      | Gained mutation: Your body sometimes deteriorates upon taking damage. [potion of mutation]
  5324 | D:5      | Lost mutation: You are robust (+10% HP). [potion of cure mutation]
  5324 | D:5      | Lost mutation: Your body sometimes deteriorates upon taking damage. [potion of cure mutation]
  5324 | D:5      | Lost mutation: You have supernaturally acute eyesight. [potion of cure mutation]
  5688 | D:4      | Found an ancient bone altar of Kikubaaqudgha.
  5933 | D:3      | Noticed dvner's ghost (amateur MfGl)
  5961 | D:3      | HP: 2/50 [poisoned by dvner's ghost]
  5962 | D:3      | Succumbed to dvner's ghost's poison

Action                   |  1- 3 |  4- 6 |  7- 9 || total
-------------------------+-------+-------+-------++-------
Melee: Trident           |   134 |   167 |   136 ||   437
 Fire: Blowgun           |       |     5 |     5 ||    10
Throw: Throwing net      |     3 |     3 |     6 ||    12
       Stone             |     1 |    12 |       ||    13
  Use: Potion            |       |     2 |     6 ||     8
       Scroll            |       |     7 |     1 ||     8
 Stab: Sleeping          |     1 |       |     1 ||     2
  Eat: Chunk             |     2 |     8 |     6 ||    16
